 Dungeon Sprint DCSS version 0.18.1-47-g9310371 (webtiles) character file.

7959 rftp080 the Destroyer (level 11, -5/81 HPs)
             Began as a High Elf Air Elementalist on June 23, 2016.
             Was the Champion of Sif Muna.
             Slain by a death yak (7 damage)
             ... in the Dungeon (Sprint IX: "|||||||||||||||||||||||||||||").
             The game lasted 00:07:40 (814 turns).

rftp080 the Destroyer (High Elf Air Elementalist)    Turns: 814, Time: 00:07:41

Health: -5/81      AC: 19    Str: 10    XL:     11   Next: 3%
Magic:  15/26      EV: 17    Int: 22    God:    Sif Muna [******]
Gold:   0          SH:  0    Dex: 17    Spells: 6 memorised, 10 levels left

rFire  . . .     SeeInvis .     p - +2 halberd (protect)
rCold  . . .     Gourm    .     u - +2 ring mail
rNeg   . . .     Faith    .     (shield currently unavailable)
rPois  .         Spirit   .     (no helmet)
rElec  .         Dismiss  .     (no cloak)
rCorr  .         Reflect  .     t - +2 pair of gloves
SustAt .         Harm     .     (no boots)
MR     +....     NoTele   +     (no amulet)
Stlth  ++........               w - +3 ring of strength
                                v - +2 ring of protection

@: repel missiles, somewhat resistant to hostile enchantments, unstealthy
A: no striking features
a: Channel Energy, Forget Spell, Renounce Religion


You were in the Dungeon.
You worshipped Sif Muna.
Sif Muna was exalted by your worship.
You were very hungry.

You visited 1 branch

Inventory:

Hand Weapons
 j - a +0 club
 p - a +2 halberd of protection (weapon)
 q - a +0 lajatang of venom
 r - a +2 scimitar of holy wrath
Armour
 a - a +0 robe
 s - a +0 pair of gloves
 t - a +2 pair of gloves (worn)
 u - a +2 ring mail (worn)
Magical Staves
 o - an uncursed staff of energy
Jewellery
 v - a +2 ring of protection (left hand)
 w - a +3 ring of strength (right hand)
 y - an uncursed amulet of rage
Wands
 n - a wand of lightning (7/15)
Scrolls
 i - a scroll of blinking
 l - 4 scrolls of remove curse
 m - 2 scrolls of amnesia
 z - 3 scrolls of recharging
Potions
 d - 6 potions of curing
 e - a potion of heal wounds
 g - 2 potions of magic
 h - a potion of berserk rage
 k - 3 potions of cure mutation
 x - a potion of brilliance
Books
 b - a book of Air

   Spells                             Type                      Level
   a - Shock                          Conjuration/Air              1
   b - Swiftness                      Charms/Air                   2
   c - Repel Missiles                 Charms/Air                   2
   d - Static Discharge               Conjuration/Air              3
   e - Lightning Bolt                 Conjuration/Air              5
 f - Sif Muna's Papyrus of Cloudy Combat Magic
   (Sif Muna gifted it to you in the Dungeon)

   Spells                             Type                      Level
   a - Bolt of Draining               Conjuration/Necromancy       5
   b - Iron Shot                      Conjuration/Earth            6
   c - Delayed Fireball               Conjuration/Fire             7
Comestibles
 c - a bread ration


   Skills:
 + Level 9.7 Fighting
 + Level 9.0 Armour
 + Level 10.9 Dodging
 - Level 2.1 Stealth
 + Level 10.8 Spellcasting
 * Level 14.4 Conjurations
 - Level 9.3 Air Magic
 * Level 12.2 Invocations


You had 10 spell levels left.
You knew the following spells:

 Your Spells              Type           Power        Failure   Level  Hunger
a - Shock                 Conj/Air       ####         1%          1    None
b - Repel Missiles        Chrm/Air       ####..       2%          2    None
c - Swiftness             Chrm/Air       ####....     2%          2    None
d - Lightning Bolt        Conj/Air       ######....   2%          5    ####...
e - Iron Shot             Conj/Erth      #####.....   91%         6    ######.
f - Bolt of Draining      Conj/Necr      #####.....   21%         5    ####...


Dungeon Overview and Level Annotations

Branches:
Dungeon (1/1)

Altars:
Cheibriados
Dithmenos
Elyvilon
Fedhas
Gozag
Kikubaaqudgha
Makhleb
Nemelex Xobeh
Okawaru
Pakellas
Qazlal
Ru
Sif Muna
Trog
Vehumet
Xom
Yredelemnul
Zin
The Shining One
Beogh
Jiyva
Lugonu


Message History

You are near starving!
You channel some magical energy.
You feel somewhat more hungry. The death yak barely misses you.
You channel some magical energy.
You feel somewhat more hungry. The death yak gores you.
You channel some magical energy.
You are starving!
The death yak gores you!
* * * LOW HITPOINT WARNING * * *
Unknown command.
Eat a chunk of flesh? (ye/n/q/i?) This raw flesh tastes terrible.
You are feeling very hungry.
The death yak gores you!!
* * * LOW HITPOINT WARNING * * *
You continue eating.
The death yak gores you but does no damage.
You continue eating.
The death yak gores you!
You die...

▓.▓.▓
▓.▓.▓.▓
▓.▓.▓†▓
▓†▓.▓.▓
▓.▓.▓.▓
▓Y▓.▓)▓
▓Y▓.▓.▓
▓Y▓.▓.▓
▓@▓.▓.▓
▓.▓.▓'▓
▓.▓.▓_▓
▓.▓.▓_▓
▓†▓.▓_▓
▓.▓.▓_▓
▓.▓.▓_▓
▓.▓.▓_▓
▓.▓.▓_▓


You could see 2 death yaks and a yak.

Vanquished Creatures
  2 hydras (D)
  2 catoblepae (D)
  3 death yaks (D)
  2 spiny frogs (D)
  2 komodo dragons (D)
  A blink frog (D)
  A yak (D)
  3 hippogriffs (D)
  2 water moccasins (D)
  2 porcupines (D)
  A sky beast (D)
  3 ice beasts (D)
  A crocodile (D)
  4 giant frogs (D)
  A scorpion (D)
  A wight (D)
  2 crimson imps (D)
  A jelly (D)
  A worker ant (D)
  A sheep (D)
  2 dart slugs (D)
  A bat skeleton (D)
  A hobgoblin (D)
  A quokka (D)
  A giant cockroach zombie (D)
  A kobold (D)
  A rat (D)
44 creatures vanquished.

Vanquished Creatures (others)
  An ugly thing (D)
1 creature vanquished.

Grand Total: 45 creatures vanquished

Notes
Turn   | Place    | Note
--------------------------------------------------------------
     0 | D        | rftp080 the High Elf Air Elementalist began the quest for the Orb.
     0 | D        | Reached XP level 1. HP: 11/11 MP: 4/4
     5 | D        | Reached skill level 1 in Armour
     7 | D        | Reached skill level 1 in Fighting
     7 | D        | Reached skill level 2 in Conjurations
     8 | D        | Reached XP level 2. HP: 18/18 MP: 0/6
    65 | D        | Noticed a crimson imp
    71 | D        | Reached skill level 3 in Conjurations
    71 | D        | Reached XP level 3. HP: 20/24 MP: 0/9
    74 | D        | Reached skill level 4 in Conjurations
    74 | D        | Reached skill level 5 in Air Magic
    86 | D        | Reached skill level 5 in Conjurations
    86 | D        | Reached XP level 4. HP: 20/30 MP: 2/11
    95 | D        | Learned a level 2 spell: Repel Missiles
    98 | D        | Learned a level 2 spell: Swiftness
    99 | D        | Found a glowing silver altar of Zin.
    99 | D        | Found a glowing golden altar of the Shining One.
    99 | D        | Found an ancient bone altar of Kikubaaqudgha.
    99 | D        | Found a basalt altar of Yredelemnul.
    99 | D        | Found a shimmering altar of Xom.
    99 | D        | Found a radiant altar of Vehumet.
   100 | D        | Found an iron altar of Okawaru.
   101 | D        | Found a burning altar of Makhleb.
   102 | D        | Found a deep blue altar of Sif Muna.
   103 | D        | Found a bloodstained altar of Trog.
   104 | D        | Found a sparkling altar of Nemelex Xobeh.
   105 | D        | Found a white marble altar of Elyvilon.
   106 | D        | Found a roughly hewn altar of Beogh.
   107 | D        | Found a viscous altar of Jiyva.
   108 | D        | Found a corrupted altar of Lugonu.
   109 | D        | Found a blossoming altar of Fedhas.
   110 | D        | Became a worshipper of Sif Muna the Loreminder
   111 | D        | Found a snail-covered altar of Cheibriados.
   112 | D        | Found a shadowy altar of Dithmenos.
   113 | D        | Found a stormy altar of Qazlal.
   114 | D        | Found an opulent altar of Gozag.
   115 | D        | Found a sacrificial altar of Ru.
   116 | D        | Found an oddly glowing altar of Pakellas.
   182 | D        | Noticed a giant frog
   182 | D        | Noticed an ice beast
   182 | D        | Noticed an ice beast
   191 | D        | Reached XP level 5. HP: 36/36 MP: 4/13
   192 | D        | Reached * piety under Sif Muna
   192 | D        | Reached skill level 5 in Dodging
   192 | D        | Reached skill level 5 in Spellcasting
   192 | D        | Reached skill level 6 in Conjurations
   192 | D        | Reached skill level 7 in Conjurations
   194 | D        | Killed an ice beast
   194 | D        | Reached ** piety under Sif Muna
   194 | D        | Reached XP level 6. HP: 44/44 MP: 1/16
   195 | D        | Reached skill level 8 in Conjurations
   202 | D        | Killed an ice beast
   202 | D        | Reached skill level 5 in Fighting
   202 | D        | Reached skill level 5 in Armour
   225 | D        | Noticed an ice beast
   225 | D        | Noticed a hippogriff
   225 | D        | Noticed a catoblepas
   225 | D        | Noticed a sky beast
   225 | D        | Noticed a green ugly thing
   233 | D        | Learned a level 5 spell: Lightning Bolt
   265 | D        | Killed a white ugly thing
   265 | D        | Reached *** piety under Sif Muna
   265 | D        | Reached skill level 9 in Conjurations
   265 | D        | Reached XP level 7. HP: 32/51 MP: 9/18
   266 | D        | Killed a hippogriff
   266 | D        | Reached **** piety under Sif Muna
   266 | D        | Reached XP level 8. HP: 36/57 MP: 4/20
   283 | D        | Killed a catoblepas
   283 | D        | Reached ***** piety under Sif Muna
   283 | D        | Reached skill level 10 in Conjurations
   484 | D        | Noticed a spiny frog
   484 | D        | Noticed a spiny frog
   484 | D        | Noticed a blink frog
   485 | D        | Noticed an eight-headed hydra
   486 | D        | Killed a blink frog
   486 | D        | Reached skill level 11 in Conjurations
   486 | D        | Reached XP level 9. HP: 64/64 MP: 11/22
   488 | D        | Killed a spiny frog
   492 | D        | Killed a spiny frog
   493 | D        | Noticed a komodo dragon
   512 | D        | Killed an eight-headed hydra
   512 | D        | Reached ****** piety under Sif Muna
   512 | D        | Reached skill level 12 in Conjurations
   512 | D        | Killed a komodo dragon
   512 | D        | Received a gift from Sif Muna
   523 | D        | Identified Sif Muna's Papyrus of Cloudy Combat Magic (Sif Muna gifted it to you in the Dungeon)
   531 | D        | Learned a level 6 spell: Iron Shot
   537 | D        | Learned a level 5 spell: Bolt of Draining
   566 | D        | Noticed a komodo dragon
   765 | D        | Reached XP level 10. HP: 72/72 MP: 18/24
   766 | D        | Noticed a four-headed hydra
   766 | D        | Reached skill level 10 in Invocations
   775 | D        | Reached skill level 13 in Conjurations
   777 | D        | Killed a four-headed hydra
   777 | D        | Reached skill level 10 in Dodging
   777 | D        | Reached skill level 10 in Spellcasting
   796 | D        | Noticed a catoblepas
   796 | D        | Noticed a death yak
   796 | D        | Noticed a death yak
   796 | D        | Noticed a death yak
   796 | D        | Noticed a death yak
   796 | D        | Noticed a death yak
   802 | D        | Killed a catoblepas
   803 | D        | Killed a death yak
   803 | D        | Killed a death yak
   803 | D        | Reached skill level 14 in Conjurations
   808 | D        | Killed a death yak
   808 | D        | Reached XP level 11. HP: 33/81 MP: 2/26
   812 | D        | HP: 1/81 [death yak (20)]
   814 | D        | Slain by a death yak

Skill      XL: |  1  2  3  4  5  6  7  8  9 10 |
---------------+-------------------------------+-----
Armour         | 1 2 3 4 5 6 7 9 |  9.0
Fighting       | 1 2 3 4 5 6 7 8 9 |  9.7
Conjurations   | 2 3 5 7 9 11 12 14 | 14.4
Air Magic      | 4 5 7 8 9 |  9.3
Spellcasting   | 3 4 6 7 8 9 10 | 10.8
Dodging        | 3 4 5 7 8 9 10 | 10.9
Invocations    | 3 4 7 9 12 | 12.2
Stealth        | |  2.1

Action                   |  1- 3 |  4- 6 |  7- 9 | 10-12 || total
-------------------------+-------+-------+-------+-------++-------
Melee: Unarmed           |     1 |       |       |       ||     1
       Halberd           |       |       |    10 |       ||    10
 Cast: Shock             |    17 |    14 |       |       ||    31
       Repel Missiles    |       |     1 |       |       ||     1
       Lightning Bolt    |       |     4 |    16 |    13 ||    33
Invok: Channel Energy    |       |    21 |    19 |    15 ||    55
  Use: Potion            |     1 |     3 |     2 |       ||     6
       Scroll            |       |       |     4 |       ||     4
  Eat: Chunk             |       |     1 |    10 |     3 ||    14
Armor: Robe              |     2 |       |       |       ||     2
       Ring mail         |       |     9 |    26 |     5 ||    40
Dodge: Dodged            |     9 |     8 |    36 |    15 ||    68
